 Dungeon Crawl Stone Soup version 0.31.0-12-g77e489cdc1 (webtiles) character file.

Game seed: 17250766943073475755

986 Gadfly the Insei (level 7, 0/53 HPs)
             Began as a Demonspawn Monk on Feb 12, 2024.
             Was an Initiate of Gozag.
             Slain by a black bear (4 damage)
             ... on level 6 of the Dungeon.
             The game lasted 00:09:50 (4426 turns).

Gadfly the Insei (Demonspawn Monk)                  Turns: 4426, Time: 00:09:52

Health: 0/53       AC:  5    Str: 13    XL:     7   Next: 97%
Magic:  7/7        EV: 14    Int: 11    God:    Gozag
Gold:   270        SH:  0    Dex: 15    Spells: 3/6 levels left

rFire   . . .        b - +5 dagger (elec)
rCold   . . .        c - orb {light}
rNeg    . . .        a - +0 robe
rPois   .            (helmet restricted)
rElec   .            h - +0 cloak
rCorr   .            (no gloves)
SInv    .            (no boots)
Will    .....        (no amulet)
Stlth   +            j - ring of flight
HPRegen 0.28/turn    (no ring)
MPRegen 0.10/turn

%: no passive effects
@: flying, glowing
A: antennae 1, yellow scales 1, demonic guardian 1, powered by death 1
a: Renounce Religion, Potion Petition, Call Merchant, Bribe Branch


You were on level 6 of the Dungeon.
You worshipped Gozag.
Gozag was aware of your devotion.
You visited 2 branches of the dungeon, and saw 7 of its levels.

You collected 270 gold pieces.

Inventory:

Hand Weapons
 b - a +5 dagger of electrocution (weapon)
 e - a +2 dagger of draining
 q - a +1 short sword of freezing
 r - a +4 rapier of flaming
Armour
 a - a +0 robe (worn)
 c - an orb of light (worn)
 h - a +0 cloak (worn)
Jewellery
 j - a ring of flight (left hand)
 s - an amulet of guardian spirit
Wands
 l - a wand of paralysis (7)
Scrolls
 g - a scroll of torment
 i - 3 scrolls of teleportation
 m - a scroll of enchant weapon
 n - 2 scrolls of fear
 o - a scroll of vulnerability {unknown}
 p - a scroll of revelation {unknown}
 t - a scroll of immolation {unknown}
Potions
 d - a potion of curing
 f - a potion of mutation {unknown}
 k - a potion of heal wounds


   Skills:
 * Level 3.8 Fighting
 * Level 4.4 Dodging
 + Level 4.9 Unarmed Combat
 + Level 4.1 Evocations
 * Level 3.8 Shapeshifting


You had 3 spell levels left.
You knew the following spells:

 Your Spells              Type           Power      Damage    Failure   Level
a - Ozocubu's Armour      Ice            0%         N/A       71%         3

Your spell library contained the following spells:

 Spells                   Type           Power      Damage    Failure   Level
 Freeze                   Ice            0%         1d3       34%         1
 Sandblast                Erth           0%         2d4       34%         1
 Shock                    Conj/Air       0%         1d3       34%         1
 Ensorcelled Hibernation  Hex/Ice        0%         N/A       47%         2
 Gell's Gravitas          Tloc           0%         N/A       71%         3
 Inner Flame              Hex/Fire       0%         N/A       71%         3
 Mephitic Cloud           Conj/Alch/Air  0%         N/A       71%         3
 Passwall                 Erth           0%         N/A       71%         3
 Stone Arrow              Conj/Erth      0%         3d7       71%         3
 Swiftness                Air            0%         N/A       71%         3
 Teleport Other           Tloc           0%         N/A       71%         3
 Airstrike                Air            0%         2d(0-16)  98%         4
 Brom's Barrelling Bould  Conj/Erth      0%         2d3       98%         4
 Petrify                  Alch/Erth      0%         N/A       98%         4
 Irradiate                Conj/Alch      0%         3d11      100%        5
 Dispersal                Tloc           0%         N/A       100%        6
 Ignition                 Fire           0%         3d3       100%        8


Dungeon Overview and Level Annotations

Branches:
Dungeon (6/15)             Temple (1/1) D:4

Altars:
Ashenzari
Cheibriados
Fedhas
Gozag
Hepliaklqana
Makhleb
Nemelex Xobeh
Okawaru
Qazlal
Ru
Sif Muna
Trog
Uskayaw
Yredelemnul

Shops:
D:1 (   D:4 :


Innate Abilities, Weirdness & Mutations

You have a pair of small antennae on your head.
You are partially covered in yellow scales. (AC +2)
A weak demonic guardian rushes to your aid.
You regenerate a little health from kills.


Message History

You are too injured to fight recklessly!
You are too injured to fight recklessly!
You are too injured to fight recklessly!
You are too injured to fight recklessly!
You are too injured to fight recklessly!
You are too injured to fight recklessly!
You are too injured to fight recklessly!
You are too injured to fight recklessly!
You are too injured to fight recklessly!
You are too injured to fight recklessly!
You are too injured to fight recklessly!
You are too injured to fight recklessly!
You are too injured to fight recklessly!
You are too injured to fight recklessly!
You are too injured to fight recklessly!
You are too injured to fight recklessly!
You are too injured to fight recklessly!
You are too injured to fight recklessly!
Unknown command.
You hit the black bear.
The black bear is almost dead.
The black bear bites you. The black bear closely misses you. x2
The sleepcap barely misses you.
You hit the black bear.
The black bear is almost dead.
The black bear bites you.
* * * LOW HITPOINT WARNING * * *
The black bear claws you but does no damage.
The black bear claws you.
* * * LOW HITPOINT WARNING * * *
A demonic guardian appears!
The sleepcap misses you.
The black bear closely misses you. x2; The black bear claws you.
* * * LOW HITPOINT WARNING * * *
You barely miss the black bear.
The black bear is almost dead.
The black bear bites you but does no damage.
The black bear claws you but does no damage.
The black bear claws you.
You die...
Your body crumbles into a pile of gold.

#.# #.# #.#
#.# #.## #
######..##.#
#..........#
#%....<@5..#
#......fh..#
#..........#
#.............
#......_..####
#.........#
#....8....#
#.........#


You could see a black bear (berserk), a sleepcap (ally target) and a friendly
white imp (summoned).

Vanquished Creatures
  Eustachio (D:5)
  A water moccasin (D:5)
  A black bear (D:5)
  A kobold brigand (D:5)
  A scorpion (D:5)
  A bombardier beetle (D:5)
  An orc priest (D:5)
  4 hounds
  A jelly (D:4)
  An iguana (D:4)
  2 orc wizards
  7 adders
  6 gnolls
  3 dart slugs
  8 orcs
  6 ball pythons
  11 endoplasms
  4 giant cockroaches
  7 goblins
  4 hobgoblins
  4 jackals
  19 kobolds
  8 quokkas
  5 bats
  4 frilled lizards
  6 rats
117 creatures vanquished.

Vanquished Creatures (collateral kills)
  A gnoll (D:5)
  A goblin (D:1)
2 creatures vanquished.

Grand Total: 119 creatures vanquished

Notes
Turn   | Place    | Note
-------+----------+-------------------------------------------
     0 | D:1      | Gadfly the Demonspawn Monk began the quest for the Orb.
     0 | D:1      | Reached XP level 1. HP: 18/18 MP: 1/1
   197 | D:1      | Gained mutation: A weak demonic guardian rushes to your
                  | aid. [demonic ancestry]
   197 | D:1      | Reached XP level 2. HP: 13/24 MP: 2/2
   395 | D:1      | Found Itred Pitz's Weapon Boutique.
   503 | D:1      | Reached skill level 1 in Evocations
   776 | D:1      | Reached skill level 1 in Shapeshifting
   973 | D:2      | Gained mutation: You are partially covered in yellow
                  | scales. (AC +2) [demonic ancestry]
   973 | D:2      | Reached XP level 3. HP: 22/28 MP: 3/3
  1041 | D:2      | Reached XP level 4. HP: 27/35 MP: 4/4
  1227 | D:2      | Found a faded altar of an unknown god.
  2044 | D:3      | Gained mutation: You have a pair of small antennae on your
                  | head. [demonic ancestry]
  2044 | D:3      | Reached XP level 5. HP: 30/41 MP: 5/5
  2517 | D:4      | Found Wisif's Book Shop.
  2673 | D:4      | Reached XP level 6. HP: 43/47 MP: 6/6
  2939 | D:4      | Found a staircase to the Ecumenical Temple.
  2950 | Temple   | Entered the Ecumenical Temple
  3402 | D:5      | Entered Level 5 of the Dungeon
  3428 | D:5      | Found an opulent altar of Gozag.
  3431 | D:5      | Noticed a water moccasin
  3450 | D:5      | Killed a water moccasin
  3583 | D:5      | Noticed Eustachio
  3591 | D:5      | Killed Eustachio
  3592 | D:5      | Gained mutation: You regenerate a little health from kills.
                  | [demonic ancestry]
  3592 | D:5      | Reached XP level 7. HP: 49/52 MP: 7/7
  3696 | D:5      | Got the Essays on the Snowflakes and Intoxication
  3709 | D:5      | Learned a level 3 spell: Ozocubu's Armour
  4402 | D:5      | Became a worshipper of Gozag Ym Sagoz the Greedy
  4417 | D:6      | Found a sacrificial altar of Ru.
  4426 | D:6      | Slain by a black bear

Illustrated notes

Levels and vault maps discovered:
D:1:      lightli_molten_gateway, layout_loops_ring, serial_shops, shop
D:2:      layout_loops_ring, ebering_ecumenical_altar_petrified
D:3:      layout_loops_cross
D:4:      layout_basic, minmay_temple_entry_overgrown, serial_shops, shop,
          kennysheep_small_spiral, grunt_ministairs_8, minmay_liquid_box,
          minmay_goblin_kobold_house
D:5:      layout_loops_ring, mainiacjoe_overflow_chevrons, uniq_eustachio
D:6:      layout_basic, general_overflow_altar, grunt_temple_overflow_open,
          serial_shops, nicolae_shop_hallway_stairs, gammafunk_ghost_necromancy,
          grunt_ministairs_13, kennysheep_doodads, minmay_increasing_density,
          uniq_edmund
Temple:   eino_temple_water

Skill      XL: |  1  2  3  4  5  6  7 |
---------------+----------------------+-----
Evocations     | 1 2 3 4 |  4.1
Unarmed Combat | 3 4 |  4.9
Shapeshifting  | 1 2 3 |  3.8
Dodging        | 3 4 |  4.4
Fighting       | |  3.8

Action                     |  1- 3 |  4- 6 |  7- 9 || total
---------------------------+-------+-------+-------++-------
  Melee: Unarmed           |    30 |       |       ||    30
         Short sword       |    33 |       |       ||    33
         Dagger            |    35 |   184 |    75 ||   294
    Use: Scroll            |     1 |     5 |       ||     6
         Potion            |     1 |       |     1 ||     2
   Stab: Distracted        |       |     1 |       ||     1
 Armour: Robe              |    62 |    96 |    65 ||   223
  Dodge: Dodged            |    99 |   115 |    53 ||   267
